 Dungeon Crawl Stone Soup version 0.20.1-1-g8b1a95d (webtiles) character file.

131 Undead575 the Caller (level 5, 0/26 HPs)
             Began as a Tengu Summoner on June 6, 2018.
             Was an Initiate of Hepliaklqana.
             Slain by an orc
             ... wielding a cursed +0 club
              (4 damage)
             ... on level 3 of the Dungeon.
             The game lasted 00:31:02 (2609 turns).

Undead575 the Caller (Tengu Summoner)               Turns: 2609, Time: 00:31:02

Health: 0/26       AC:  4    Str:  9    XL:     5   Next: 14%
Magic:  4/9        EV: 11    Int: 16    God:    Hepliaklqana [......]
Gold:   115        SH:  0    Dex: 14    Spells: 4/8 levels left

rFire    . . .     SeeInvis .   q - +3 quarterstaff (chaos)
rCold    + . .     Gourm    .   (shield currently unavailable)
rNeg     . . .     Faith    .   h - +0 ring mail
rPois    .         Spirit   .   (helmet restricted)
rElec    .         Reflect  .   r - +2 cloak
rCorr    .         Harm     .   (no gloves)
MR       .....     Rnd*Tele +   (boots unavailable)
Stlth    +.........             (no amulet)
Regen    0.1/turn               l - ring of protection from cold
MPRegen  0.2/turn               p - ring of teleportation {poison}

@: corroded
A: reduced essence, beak, talons 3, able to fly 1
a: Fly, Recall Ancestor, Ancestor Identity, Renounce Religion


You were on level 3 of the Dungeon.
You worshipped Hepliaklqana.
Hepliaklqana was noncommittal.
You were hungry.

You visited 1 branch of the dungeon, and saw 3 of its levels.

You collected 115 gold pieces.

Inventory:

Hand Weapons
 d - a +0 club
 k - a +0 hand axe
 m - a +0 dagger
 n - a +1 spear of venom
 q - a +3 quarterstaff of chaos (weapon)
 v - a +0 dagger of venom
Missiles
 e - 16 arrows
 s - 43 sling bullets
 t - 3 javelins of penetration (quivered)
Armour
 a - a +0 robe
 f - a +0 pair of gloves
 g - a +0 helmet
 h - a +0 ring mail (worn)
 r - a +2 cloak (worn)
 x - a +0 helmet
Jewellery
 l - a ring of protection from cold (left hand)
 p - a ring of teleportation (right hand) {poison}
Scrolls
 j - 3 scrolls of immolation
 u - 2 scrolls of amnesia
 y - a scroll of teleportation
Potions
 o - a potion of cancellation
Books
 b - a book of Callings

   Spells                             Type                      Level
   a - Summon Small Mammal            Summoning                    1
   b - Call Imp                       Summoning                    2
   c - Call Canine Familiar           Summoning                    3
   d - Summon Guardian Golem          Hexes/Summoning              3
   e - Summon Lightning Spire         Summoning/Air                4
   f - Summon Ice Beast               Ice/Summoning                4
Comestibles
 c - 3 bread rations
 i - a meat ration
 w - 3 chunks of flesh


   Skills:
 + Level 1.0 Fighting
 + Level 1.3 Maces & Flails
 + Level 0.7(0.8) Polearms
 + Level 0.2(1.0) Staves
 + Level 1.8 Armour
 + Level 2.8 Dodging
 + Level 2.4 Stealth
 + Level 2.1 Spellcasting
 + Level 5.9 Summonings


You had 4 spell levels left.
You knew the following spells:

 Your Spells              Type           Power        Failure   Level  Hunger
a - Summon Small Mammal   Summ           ###.         4%          1    #......
b - Summon Guardian Gole  Hex/Summ       ##......     43%         3    ###....


Dungeon Overview and Level Annotations

Branches:
Dungeon (3/15)

Altars:
Hepliaklqana

Annotations:
D:3 Ijyb


Innate Abilities, Weirdness & Mutations

You have a beak for a mouth.
You have claws for feet.
You can fly.
Your life essence is reduced to manifest your ancestor. (-10% HP)


Message History

It is a wand of acid (?/15).
Your bat hits Ijyb but does no damage. The orc barely misses you.
Ijyb barely misses you. The orc barely misses your bat.
An orc wizard comes into view. It is wielding a dagger.
Unknown command.
Unknown command.
Unknown command.
You swap places.
Your bat misses Ijyb.
Your bat closely misses Ijyb.
The giant cockroach bites you.
* * * LOW HITPOINT WARNING * * *
The orc barely misses you.
Ijyb screams, "Me very upset!"
Ijyb hits you but does no damage.
You see here a falchion.
Casting: Summon Small Mammal
Confirm with . or Enter, or press ? or * to list all spells.
Your bat hits Ijyb but does no damage. The giant cockroach bites you.
* * * LOW HITPOINT WARNING * * *
Your bat closely misses Ijyb.
The orc hits you with a club.
You die...

........#
.(......#
.....รท..#####
##########
.............
..........
........#####
#........#
............#
#........+
###.........#
#.b......#
#.........#
#(gso.....
#.........#
#8@oo.....
###.........#
#.or.#.#..
............#
######
......#######
......#
####### # # #


You could see Ijyb, an orc wizard, 3 orcs, a giant cockroach, a friendly
guardian golem, a friendly quokka and a friendly bat.

Vanquished Creatures
  Crazy Yiuf (D:2)
  5 adders
  A worm (D:2)
  2 dart slugs
  An orc (D:3)
  7 goblins
  4 hobgoblins
  2 bats (D:2)
  5 frilled lizards
  3 kobolds
  4 rats (D:1)
  A bush (D:2)
  4 fungi (D:2)
40 creatures vanquished.

Vanquished Creatures (collateral kills)
  2 adders
  A goblin (D:2)
3 creatures vanquished.

Vanquished Creatures (others)
  An ancestor (D:2)
1 creature vanquished.

Grand Total: 44 creatures vanquished

Notes
Turn   | Place    | Note
-------+----------+-------------------------------------------
     0 | D:1      | Undead575 the Tengu Summoner began the quest for the Orb.
     0 | D:1      | Reached XP level 1. HP: 10/10 MP: 4/4
   247 | D:1      | Reached skill level 5 in Summonings
   522 | D:1      | Reached XP level 2. HP: 15/15 MP: 6/6
  1509 | D:2      | Reached XP level 3. HP: 20/20 MP: 7/7
  1868 | D:2      | Found a hazy altar of Hepliaklqana.
  1891 | D:2      | Became a worshipper of Hepliaklqana the Forgotten
  1902 | D:2      | Reached skill level 1 in Maces & Flails
  1983 | D:2      | Reached XP level 4. HP: 21/21 MP: 8/8
  2189 | D:2      | Reached skill level 1 in Armour
  2382 | D:2      | Found a runed door.
  2386 | D:2      | Noticed Crazy Yiuf
  2393 | D:2      | Learned a level 3 spell: Summon Guardian Golem
  2396 | D:2      | Killed Crazy Yiuf
  2566 | D:3      | Reached skill level 1 in Fighting
  2566 | D:3      | Gained mutation: You can fly. [Tengu growth]
  2566 | D:3      | Reached XP level 5. HP: 26/26 MP: 9/9
  2605 | D:3      | Noticed Ijyb
  2609 | D:3      | Slain by an orc

Skill      XL: |  1  2  3  4 |
---------------+-------------+-----
Summonings     | 5 |  5.9
Maces & Flails | 1 |  1.3
Armour         | 1 |  1.8
Fighting       | 1 |  1.0
Polearms       | |  0.7
Staves         | |  0.2
Dodging        | |  2.8
Stealth        | |  2.4
Spellcasting   | |  2.1

Action                   |  1- 3 |  4- 6 || total
-------------------------+-------+-------++-------
Melee: Hand axe          |    14 |       ||    14
       Club              |    10 |       ||    10
       Peck              |     7 |    22 ||    29
       Spear             |    43 |    77 ||   120
       Kick              |    12 |    29 ||    41
       Quarterstaff      |       |    11 ||    11
 Cast: Summon Small Mamm |     1 |     2 ||     3
       Summon Guardian G |       |     1 ||     1
  Use: Scroll            |     6 |     2 ||     8
       Potion            |       |     1 ||     1
  Eat: Chunk             |     3 |     2 ||     5
Armor: Ring mail         |    26 |    12 ||    38
Dodge: Dodged            |    33 |    21 ||    54
